Thunderbirds vs Gulls
Created - March 15, 2025 at 20:05
Goals
|
| Thunderbirds |
1 |
1 |
3 |
5 |
| Gulls |
3 |
0 |
1 |
4 |
|
Shots
|
| Thunderbirds |
6 |
10 |
17 |
33 |
| Gulls |
17 |
8 |
6 |
31 |
|
1st period
1. Gulls , Barrett Hayton 7 (Troy Terry 12, Eamon McAdam) at 1:05
2. Gulls , Logan Brown 22 (Jack Glover 11) at 9:23
3. Gulls , Anton Blidh 32 (Logan Brown 55, Dean Kukan 24) at 9:35
4. Thunderbirds , Matt Roy 5 (Paul Cotter 6, Rasmus Kupari 10) at 19:08
Penalties :
Paul Cotter (Spr) for Slashing (Minor) at 5:19, Dylan Blujus (Spr) for Goalie Interference (Minor) at 19:49
2nd period
5. Thunderbirds , Joachim Blichfeld 49 (Dylan Blujus 11) at 2:37
Penalties :
Sergey Tolchinsky (S.D) for Hooking (Minor) at 19:49
3rd period
6. Thunderbirds , Dylan Sikura 17 (Anthony Richard 28, Jeremy Lauzon 26) at 13:03
7. Gulls , Jack Glover 2 (Logan Brown 56, Kailer Yamamoto 35) at 14:14
8. Thunderbirds , Pierre Engvall 8 (Jeremy Lauzon 27, Trey Fix-Wolansky 5) at 18:53
9. Thunderbirds , Rourke Chartier 29 (Michael Rasmussen 16, Jeremy Lauzon 28) at 19:19 (PP)
Penalties :
Dylan Blujus (Spr) for Tripping (Minor) at 14:27, Barrett Hayton (S.D) for Cross-checking (Minor) at 19:06
Goalie Stats
Emil Larmi (Spr), 27 saves from 31 shots - (0.871), W, 21-19-2, 59:56 minutes
Eamon McAdam (S.D), 28 saves from 33 shots - (0.848), L, 4-7-2, 59:53 minutes
Players Stats for Thunderbirds
Player Name G A P +/- PIM S H SB GA TA FO MP PP MP PK MP
------------------------------------------------------------------------------------
Anthony Richard 0 1 1 1 0 5 2 0 2 0 5/11 17:08 0:49 1:35
Artturi Lehkonen 0 0 0 0 0 1 0 1 0 0 0/0 12:10 0:00 0:46
Dylan Blujus 0 1 1 2 4 2 1 4 0 0 0/0 19:50 0:00 0:45
Dylan Sikura 1 0 1 1 0 2 0 1 3 0 0/0 16:19 0:00 1:35
Emil Bemstrom 0 0 0 0 0 0 0 0 2 1 0/1 11:10 0:49 0:00
Frederic Allard 0 0 0 0 0 1 1 3 0 2 0/0 16:52 0:00 2:40
Henri Jokiharju 0 0 0 -3 0 0 1 2 0 0 0/0 23:54 0:46 3:27
Jeremy Lauzon 0 3 3 -1 0 3 1 1 0 0 0/0 25:46 1:26 4:05
Joachim Blichfeld 1 0 1 0 0 6 0 0 2 1 1/3 18:34 1:23 0:00
Matt Roy 1 0 1 1 0 1 4 1 0 1 0/0 19:07 0:46 0:57
Michael Rasmussen 0 1 1 1 0 0 2 1 0 1 0/0 16:11 1:23 0:00
Paul Cotter 0 1 1 -1 2 3 1 0 0 0 0/0 8:27 0:00 0:00
Pierre Engvall 1 0 1 0 0 2 1 0 2 1 0/0 22:01 0:49 3:26
Rasmus Kupari 0 1 1 -1 0 0 0 0 1 0 1/4 8:32 0:00 0:00
Rourke Chartier 1 0 1 0 0 5 2 0 1 0 11/28 18:34 1:23 0:00
Sami Niku 0 0 0 1 0 0 0 1 0 0 0/0 14:57 1:26 0:00
Trent Frederic 0 0 0 0 0 1 1 3 0 1 4/16 14:58 0:00 3:34
Trey Fix-Wolansky 0 1 1 -1 0 1 0 0 0 0 0/0 9:30 0:00 0:58
Players Stats for Gulls
Player Name G A P +/- PIM S H SB GA TA FO MP PP MP PK MP
------------------------------------------------------------------------------------
Andrei Mironov 0 0 0 -1 0 1 2 2 1 0 0/0 25:50 3:33 0:00
Anton Blidh 1 0 1 3 0 3 2 0 1 0 1/1 21:38 3:27 1:09
Barrett Hayton 1 0 1 -1 2 1 3 2 0 0 3/6 12:26 0:00 0:46
Connor Clifton 0 0 0 -1 0 2 1 2 0 0 0/0 16:31 3:33 0:59
Dean Kukan 0 1 1 -1 0 2 0 3 1 2 0/0 23:50 0:00 1:13
Dylan DeMelo 0 0 0 2 0 1 0 1 0 2 0/0 21:18 2:24 1:13
Jack Glover 1 1 2 2 0 2 0 0 0 1 0/0 17:42 0:00 0:59
Jakub Vrana 0 0 0 -1 0 1 2 0 1 1 0/0 17:25 2:30 0:00
Kailer Yamamoto 0 1 1 3 0 3 2 0 0 1 1/1 19:49 3:27 0:00
Logan Brown 1 2 3 3 0 5 0 2 1 3 16/25 19:31 2:30 0:00
Luke Kunin 0 0 0 -1 0 1 1 0 0 1 3/7 10:11 0:00 1:22
Mikhail Maltsev 0 0 0 -1 0 3 0 0 0 0 0/1 12:23 0:00 0:46
Morgan Frost 0 0 0 -1 0 1 2 1 2 0 16/21 17:51 3:27 0:04
Pavel Dorofeyev 0 0 0 -1 0 0 1 0 0 0 0/0 9:01 0:00 0:04
Scott Wilson 0 0 0 -1 0 2 3 0 0 0 0/0 8:49 0:00 0:00
Sergey Tolchinsky 0 0 0 -1 2 2 1 0 1 0 0/0 17:05 2:30 0:13
Tarmo Reunanen 0 0 0 -1 0 0 1 1 0 0 0/0 14:49 2:24 0:00
Troy Terry 0 1 1 -1 0 1 2 0 0 2 1/1 11:37 0:00 0:00
3 Stars
1 - Logan Brown (S.D)
2 - Jack Glover (S.D)
3 - Anton Blidh (S.D)
Power Play
Thunderbirds - 1 on 2 Attempt(s) - 50.00%
Gulls - 0 on 3 Attempt(s) - 0.00%
Penalty Kill
Thunderbirds - 3 on 3 Attempt(s) - 100.00%
- Score 0 goal in Penalty Kill
Gulls - 1 on 2 Attempt(s) - 50.00%
- Score 0 goal in Penalty Kill
Team Stat
Thunderbirds - Hits : 17 - Faceoff Wins : 22 - Blocked Shots : 18 - Penalty Minutes : 6
Gulls - Hits : 23 - Faceoff Wins : 41 - Blocked Shots : 14 - Penalty Minutes : 4
Official
Referees : Kelly Sutherland and Graham Skilliter
Linesman : Libor Suchanek and Tyson Baker
Game Notes
No Game Note
Finance
Level 1 -- Attendance: 1855 (92.75%) -- Ticket Income $129,850
Level 2 -- Attendance: 935 (93.50%) -- Ticket Income $37,400
Total Attendance: 2790 (93.00%)
Total Ticket Income: $167,250
Other Income: $8,362
Total Income: $175,612
Thunderbirds
5 vs 5 Forward
Center Left Wing Right Wing Time % Phy DF OF
1 Rourke Chartier Pierre Engvall Joachim Blichfeld 40 1 2 2
2 Anthony Richard Michael Rasmussen Dylan Sikura 30 1 2 2
3 Trent Frederic Artturi Lehkonen Emil Bemstrom 20 1 2 2
4 Rasmus Kupari Paul Cotter Trey Fix-Wolansky 10 1 2 2
5 vs 5 Defense
Defense Defense Time % Phy DF OF
1 Jeremy Lauzon Henri Jokiharju 40 1 2 2
2 Dylan Blujus Matt Roy 30 1 2 2
3 Frederic Allard Sami Niku 20 1 2 2
4 Jeremy Lauzon Dylan Blujus 10 1 2 2
PowerPlay Forward
Center Left Wing Right Wing Time % Phy DF OF
1 Rourke Chartier Michael Rasmussen Joachim Blichfeld 60 1 2 2
2 Anthony Richard Pierre Engvall Emil Bemstrom 40 1 2 2
PowerPlay Defense
Defense Defense Time % Phy DF OF
1 Sami Niku Jeremy Lauzon 60 1 2 2
2 Matt Roy Henri Jokiharju 40 1 2 2
Penalty Kill 4 Players Forward
Center Wing Time % Phy DF OF
1 Trent Frederic Pierre Engvall 60 1 2 2
2 Anthony Richard Dylan Sikura 40 1 2 2
Penalty Kill 4 Players Defense
Defense Defense Time % Phy DF OF
1 Henri Jokiharju Jeremy Lauzon 60 1 2 2
2 Dylan Blujus Frederic Allard 40 1 2 2
Penalty Kill - 3 Players Forward
Forward Time % Phy DF OF
1 Trent Frederic 60 1 2 2
2 Anthony Richard 40 1 2 2
Penalty Kill - 3 Players Defense
Defense Defense Time % Phy DF OF
1 Dylan Blujus Henri Jokiharju 60 1 2 2
2 Jeremy Lauzon Frederic Allard 40 1 2 2
4 vs 4 Forward
Center Wing Time % Phy DF OF
1 Rourke Chartier Michael Rasmussen 60 1 2 2
2 Anthony Richard Pierre Engvall 40 1 2 2
4 vs 4 Defense
Defense Defense Time % Phy DF OF
1 Henri Jokiharju Dylan Blujus 60 1 2 2
2 Matt Roy Jeremy Lauzon 40 1 2 2
Last Minutes Offensive
Center Left Wing Right Wing Defense Defense
Rourke Chartier Pierre Engvall Joachim Blichfeld Jeremy Lauzon Sami Niku
Last Minutes Defensive
Center Left Wing Right Wing Defense Defense
Trent Frederic Artturi Lehkonen Pierre Engvall Henri Jokiharju Frederic Allard
Goaltenders
Starting : Emil Larmi
Backup : Magnus Hellberg
Extra Forwards
Normal : Rasmus Kupari, Dylan Sikura, Trey Fix-Wolansky - PP : Trent Frederic, Artturi Lehkonen - PK : Trey Fix-Wolansky
Extra Defensemen
Normal : Frederic Allard, Sami Niku, Jeremy Lauzon - PP : Sami Niku - PK : Frederic Allard, Dylan Blujus
Penalty Shots
Rourke Chartier, Anthony Richard, Joachim Blichfeld, Trey Fix-Wolansky, Rasmus Kupari
Custom OT Lines Forwards
Rourke Chartier, Pierre Engvall, Dylan Sikura, Joachim Blichfeld, Anthony Richard, Trent Frederic, Artturi Lehkonen, Michael Rasmussen, Emil Bemstrom, Paul Cotter
Custom OT Lines Defensemen
Jeremy Lauzon, Henri Jokiharju, Dylan Blujus, Frederic Allard, Matt Roy
Scratches
Nathan Smith (Healthy), Calen Addison (Healthy), Alex Vlasic (Healthy), Jakob Pelletier (Healthy), Rafael Harvey-Pinard (Healthy)
Nicholas Robertson (Healthy), Arturs Silovs (Healthy)
Gulls
5 vs 5 Forward
Center Left Wing Right Wing Time % Phy DF OF
1 Logan Brown Anton Blidh Kailer Yamamoto 35 0 2 3
2 Morgan Frost Sergey Tolchinsky Jakub Vrana 30 0 2 3
3 Barrett Hayton Mikhail Maltsev Troy Terry 25 0 2 3
4 Luke Kunin Pavel Dorofeyev Scott Wilson 10 1 2 2
5 vs 5 Defense
Defense Defense Time % Phy DF OF
1 Dean Kukan Andrei Mironov 40 0 2 3
2 Dylan DeMelo Jack Glover 30 0 2 3
3 Connor Clifton Tarmo Reunanen 20 0 2 3
4 Dean Kukan Andrei Mironov 10 0 2 3
PowerPlay Forward
Center Left Wing Right Wing Time % Phy DF OF
1 Morgan Frost Anton Blidh Kailer Yamamoto 60 0 1 4
2 Logan Brown Sergey Tolchinsky Jakub Vrana 40 0 1 4
PowerPlay Defense
Defense Defense Time % Phy DF OF
1 Connor Clifton Andrei Mironov 60 1 2 2
2 Dylan DeMelo Tarmo Reunanen 40 1 2 2
Penalty Kill 4 Players Forward
Center Wing Time % Phy DF OF
1 Luke Kunin Sergey Tolchinsky 60 1 2 2
2 Morgan Frost Scott Wilson 40 1 2 2
Penalty Kill 4 Players Defense
Defense Defense Time % Phy DF OF
1 Dean Kukan Dylan DeMelo 60 1 2 2
2 Jack Glover Connor Clifton 40 1 2 2
Penalty Kill - 3 Players Forward
Forward Time % Phy DF OF
1 Barrett Hayton 60 1 2 2
2 Morgan Frost 40 1 2 2
Penalty Kill - 3 Players Defense
Defense Defense Time % Phy DF OF
1 Connor Clifton Andrei Mironov 60 1 2 2
2 Tarmo Reunanen Jack Glover 40 1 2 2
4 vs 4 Forward
Center Wing Time % Phy DF OF
1 Logan Brown Scott Wilson 60 1 2 2
2 Morgan Frost Troy Terry 40 1 2 2
4 vs 4 Defense
Defense Defense Time % Phy DF OF
1 Connor Clifton Tarmo Reunanen 60 1 2 2
2 Dylan DeMelo Jack Glover 40 1 2 2
Last Minutes Offensive
Center Left Wing Right Wing Defense Defense
Logan Brown Anton Blidh Jakub Vrana Dean Kukan Andrei Mironov
Last Minutes Defensive
Center Left Wing Right Wing Defense Defense
Logan Brown Anton Blidh Jakub Vrana Dean Kukan Andrei Mironov
Goaltenders
Starting : Eamon McAdam
Backup : Louis Domingue
Extra Forwards
Normal : Anton Blidh, Jakub Vrana, Kailer Yamamoto - PP : Jakub Vrana, Anton Blidh - PK : Sergey Tolchinsky
Extra Defensemen
Normal : Connor Clifton, Tarmo Reunanen, Dean Kukan - PP : Connor Clifton - PK : Tarmo Reunanen, Dean Kukan
Penalty Shots
Jakub Vrana, Logan Brown, Scott Wilson, Anton Blidh, Sergey Tolchinsky
Custom OT Lines Forwards
Jakub Vrana, Logan Brown, Kailer Yamamoto, Anton Blidh, Sergey Tolchinsky, Troy Terry, Morgan Frost, Luke Kunin, Scott Wilson, Pavel Dorofeyev
Custom OT Lines Defensemen
Dean Kukan, Andrei Mironov, Dylan DeMelo, Jack Glover, Connor Clifton
Scratches
Branden Troock (Healthy), Damien Giroux (Healthy), Jake Pivonka (Healthy), Francis Perron (Healthy), Henri Ikonen (Healthy)
Ryan Collins (Healthy), Taylor Leier (Healthy), MacKenzie Entwistle (Healthy), Zack MacEwen (Healthy), Niklas Nordgren (Healthy)
Massimo Rizzo (Healthy), Markus Niemelainen (Healthy), Drew Helleson (Healthy), Alexis Gravel (Healthy), Connor Ingram (Healthy)
Mads Sogaard (Healthy)
% Time on Ice - Thunderbirds
Lines # - Real PCT - Wanted PCT - Time Play
Normal Forward
1 - 34% - 40% - 17:28
2 - 29% - 30% - 14:48
3 - 20% - 20% - 10:21
4 - 17% - 10% - 8:28
Normal Defense
1 - 36% - 40% - 18:18
2 - 32% - 30% - 16:15
3 - 26% - 20% - 13:25
4 - 6% - 10% - 3:07
PP Forward
1 - 63% - 60% - 1:23
2 - 37% - 40% - 0:49
PP Defense
1 - 65% - 60% - 1:26
2 - 35% - 40% - 0:46
PK Forward
1 - 73% - 60% - 4:22
2 - 27% - 40% - 1:35
PK Defense
1 - 46% - 60% - 2:45
2 - 54% - 40% - 3:12
PK3 Forward
1 - 0% - 60%
2 - 0% - 40%
PK3 Defense
1 - 0% - 60%
2 - 0% - 40%
44 Forward
1 - 0% - 60%
2 - 0% - 40%
44 Defense
1 - 0% - 60%
2 - 0% - 40%
Last Minute Offensive - 0:06
Last Minute Defensive - 0:40
Total
Forward - 60:00
Defense - 60:00
|
% Time on Ice - Gulls
Lines # - Real PCT - Wanted PCT - Time Play
Normal Forward
1 - 32% - 35% - 16:30
2 - 28% - 30% - 14:15
3 - 23% - 25% - 11:37
4 - 17% - 10% - 8:49
Normal Defense
1 - 40% - 40% - 20:18
2 - 34% - 30% - 17:33
3 - 23% - 20% - 11:35
4 - 3% - 10% - 1:45
PP Forward
1 - 58% - 60% - 3:27
2 - 42% - 40% - 2:30
PP Defense
1 - 60% - 60% - 3:33
2 - 40% - 40% - 2:24
PK Forward
1 - 100% - 60% - 2:12
2 - 0% - 40% - 0:00
PK Defense
1 - 55% - 60% - 1:13
2 - 45% - 40% - 0:59
PK3 Forward
1 - 0% - 60%
2 - 0% - 40%
PK3 Defense
1 - 0% - 60%
2 - 0% - 40%
44 Forward
1 - 0% - 60%
2 - 0% - 40%
44 Defense
1 - 0% - 60%
2 - 0% - 40%
Last Minute Offensive - 0:40
Last Minute Defensive - 0:00
Total
Forward - 60:00
Defense - 60:00
|
Play-by-Play
1st period
0:01 of 1st period - Rourke Chartier wins face-off versus Logan Brown in neutral zone.
0:26 of 1st period - Anthony Richard is hit by Jakub Vrana and loses puck.
0:55 of 1st period - Wrist shot by Artturi Lehkonen.
0:55 of 1st period - Shot Misses the Net.
1:05 of 1st period - Snap shot by Barrett Hayton.
1:05 of 1st period - Goal by Barrett Hayton - Thunderbirds : 0 - Gulls : 1.
1:06 of 1st period - Morgan Frost wins face-off versus Rourke Chartier in neutral zone.
1:40 of 1st period - Snap shot by Logan Brown.
1:40 of 1st period - Shot Blocked by Dylan Blujus.
1:42 of 1st period - Snap shot by Tarmo Reunanen.
1:42 of 1st period - Shot Blocked by Dylan Blujus.
1:44 of 1st period - Slapshot by Tarmo Reunanen.
1:44 of 1st period - Shot Blocked by Jeremy Lauzon.
2:00 of 1st period - Dean Kukan is hit by Paul Cotter and loses puck.
2:15 of 1st period - Snap shot by Artturi Lehkonen.
2:15 of 1st period - Shot Misses the Net.
2:17 of 1st period - Slapshot by Dylan Blujus.
2:17 of 1st period - Deflect By Emil Bemstrom.
2:17 of 1st period - Shot Misses the Net.
2:17 of 1st period - Puck is out of play.
2:18 of 1st period - Logan Brown wins face-off versus Emil Bemstrom in Gulls zone.
2:23 of 1st period - Wrist shot by Kailer Yamamoto.
2:23 of 1st period - Stopped by Emil Larmi without a rebound.
2:24 of 1st period - Logan Brown wins face-off versus Rourke Chartier in Thunderbirds zone.
2:31 of 1st period - Wrist shot by Logan Brown.
2:31 of 1st period - Stopped by Emil Larmi with a rebound.
2:33 of 1st period - Snap shot by Dean Kukan.
2:33 of 1st period - Stopped by Emil Larmi with a rebound.
2:35 of 1st period - Slapshot by Andrei Mironov.
2:35 of 1st period - Stopped by Emil Larmi without a rebound.
2:36 of 1st period - Rourke Chartier wins face-off versus Morgan Frost in Thunderbirds zone.
2:46 of 1st period - Off-side.
2:47 of 1st period - Anthony Richard wins face-off versus Mikhail Maltsev in neutral zone.
2:50 of 1st period - Wrist shot by Michael Rasmussen.
2:50 of 1st period - Shot Blocked by Dean Kukan.
3:02 of 1st period - Matt Roy is hit by Barrett Hayton and loses puck.
3:42 of 1st period - Snap shot by Scott Wilson.
3:42 of 1st period - Stopped by Emil Larmi without a rebound.
3:43 of 1st period - Rourke Chartier wins face-off versus Luke Kunin in Thunderbirds zone.
3:48 of 1st period - Snap shot by Joachim Blichfeld.
3:48 of 1st period - Deflect By Rourke Chartier.
3:48 of 1st period - Stopped by Eamon McAdam without a rebound.
3:49 of 1st period - Morgan Frost wins face-off versus Rourke Chartier in Gulls zone.
3:49 of 1st period - Morgan Frost is hit by Rourke Chartier.
3:56 of 1st period - Off-side.
3:57 of 1st period - Morgan Frost wins face-off versus Rourke Chartier in neutral zone.
4:57 of 1st period - Icing by Frederic Allard.
4:58 of 1st period - Morgan Frost wins face-off versus Rasmus Kupari in Thunderbirds zone.
5:11 of 1st period - Snap shot by Morgan Frost.
5:11 of 1st period - Shot Misses the Net.
5:13 of 1st period - Slapshot by Jack Glover.
5:13 of 1st period - Shot Blocked by Frederic Allard.
5:19 of 1st period - Minor Penalty to Paul Cotter for Slashing.
5:20 of 1st period - Morgan Frost wins face-off versus Trent Frederic in Thunderbirds zone.
6:39 of 1st period - Jeremy Lauzon is hit by Andrei Mironov and loses puck.
7:19 of 1st period - Penalty to Paul Cotter is over, Paul Cotter is back on ice.
7:31 of 1st period - Barrett Hayton is hit by Pierre Engvall.
8:16 of 1st period - Icing by Anthony Richard.
8:17 of 1st period - Barrett Hayton wins face-off versus Anthony Richard in Thunderbirds zone.
8:20 of 1st period - Wrist shot by Scott Wilson.
8:20 of 1st period - Shot Misses the Net.
8:23 of 1st period - Icing by Matt Roy.
8:24 of 1st period - Anthony Richard wins face-off versus Luke Kunin in Thunderbirds zone.
9:07 of 1st period - Slapshot by Anthony Richard.
9:07 of 1st period - Stopped by Eamon McAdam with a rebound.
9:09 of 1st period - Slapshot by Dylan Blujus.
9:09 of 1st period - Stopped by Eamon McAdam without a rebound.
9:10 of 1st period - Logan Brown wins face-off versus Rourke Chartier in Gulls zone.
9:23 of 1st period - Slapshot by Logan Brown.
9:23 of 1st period - Goal by Logan Brown - Thunderbirds : 0 - Gulls : 2.
9:24 of 1st period - Rourke Chartier wins face-off versus Logan Brown in neutral zone.
9:35 of 1st period - Snap shot by Anton Blidh.
9:35 of 1st period - Goal by Anton Blidh - Thunderbirds : 0 - Gulls : 3.
9:36 of 1st period - Logan Brown wins face-off versus Rourke Chartier in neutral zone.
9:49 of 1st period - Snap shot by Rourke Chartier.
9:49 of 1st period - Shot Blocked by Logan Brown.
11:06 of 1st period - Anton Blidh is hit by Matt Roy and loses puck.
11:27 of 1st period - Wrist shot by Logan Brown.
11:27 of 1st period - Stopped by Emil Larmi without a rebound.
11:28 of 1st period - Luke Kunin wins face-off versus Trent Frederic in Thunderbirds zone.
11:33 of 1st period - Snap shot by Luke Kunin.
11:33 of 1st period - Shot Misses the Net.
11:35 of 1st period - Slapshot by Jack Glover.
11:35 of 1st period - Stopped by Emil Larmi with a rebound.
11:37 of 1st period - Snap shot by Scott Wilson.
11:37 of 1st period - Stopped by Emil Larmi with a rebound.
11:39 of 1st period - Slapshot by Dylan DeMelo.
11:39 of 1st period - Stopped by Emil Larmi with a rebound.
11:41 of 1st period - Snap shot by Luke Kunin.
11:41 of 1st period - Shot Blocked by Henri Jokiharju.
11:43 of 1st period - Wrist shot by Dylan DeMelo.
11:43 of 1st period - Shot Blocked by Trent Frederic.
12:17 of 1st period - Snap shot by Logan Brown.
12:17 of 1st period - Shot Misses the Net.
12:19 of 1st period - Snap shot by Connor Clifton.
12:19 of 1st period - Shot Blocked by Sami Niku.
12:21 of 1st period - Wrist shot by Logan Brown.
12:21 of 1st period - Shot Blocked by Frederic Allard.
12:23 of 1st period - Slapshot by Connor Clifton.
12:23 of 1st period - Shot Blocked by Dylan Sikura.
12:53 of 1st period - Sami Niku is hit by Scott Wilson and loses puck.
13:16 of 1st period - Rourke Chartier is hit by Barrett Hayton and loses puck.
14:21 of 1st period - Jack Glover is hit by Henri Jokiharju and loses puck.
14:36 of 1st period - Luke Kunin is hit by Trent Frederic and loses puck.
15:01 of 1st period - Icing by Dean Kukan.
15:02 of 1st period - Barrett Hayton wins face-off versus Anthony Richard in Gulls zone.
15:02 of 1st period - Barrett Hayton is hit by Michael Rasmussen.
15:12 of 1st period - Slapshot by Troy Terry.
15:12 of 1st period - Stopped by Emil Larmi with a rebound.
15:14 of 1st period - Snap shot by Mikhail Maltsev.
15:14 of 1st period - Stopped by Emil Larmi with a rebound.
15:16 of 1st period - Snap shot by Mikhail Maltsev.
15:16 of 1st period - Stopped by Emil Larmi with a rebound.
15:22 of 1st period - Snap shot by Mikhail Maltsev.
15:22 of 1st period - Stopped by Emil Larmi without a rebound.
15:23 of 1st period - Kailer Yamamoto wins face-off versus Rourke Chartier in Thunderbirds zone.
15:30 of 1st period - Wrist shot by Kailer Yamamoto.
15:30 of 1st period - Deflect By Anton Blidh.
15:30 of 1st period - Shot Misses the Net.
15:30 of 1st period - Puck is out of play.
15:31 of 1st period - Logan Brown wins face-off versus Rourke Chartier in Thunderbirds zone.
15:35 of 1st period - Icing by Joachim Blichfeld.
15:36 of 1st period - Rourke Chartier wins face-off versus Logan Brown in Thunderbirds zone.
16:01 of 1st period - Matt Roy is hit by Sergey Tolchinsky and loses puck.
17:22 of 1st period - Snap shot by Anthony Richard.
17:22 of 1st period - Shot Blocked by Tarmo Reunanen.
18:01 of 1st period - Trent Frederic is hit by Anton Blidh.
18:30 of 1st period - Henri Jokiharju is hit by Jakub Vrana and loses puck.
19:06 of 1st period - Snap shot by Paul Cotter.
19:06 of 1st period - Shot Blocked by Barrett Hayton.
19:08 of 1st period - Slapshot by Matt Roy.
19:08 of 1st period - Goal by Matt Roy - Thunderbirds : 1 - Gulls : 3.
19:09 of 1st period - Rourke Chartier wins face-off versus Logan Brown in neutral zone.
19:14 of 1st period - Snap shot by Joachim Blichfeld.
19:14 of 1st period - Stopped by Eamon McAdam without a rebound.
19:15 of 1st period - Logan Brown wins face-off versus Joachim Blichfeld in Gulls zone.
19:22 of 1st period - Snap shot by Anton Blidh.
19:22 of 1st period - Shot Misses the Net.
19:42 of 1st period - Backhand shot by Dean Kukan.
19:42 of 1st period - Deflect By Sergey Tolchinsky.
19:42 of 1st period - Stopped by Emil Larmi without a rebound.
19:43 of 1st period - Morgan Frost wins face-off versus Anthony Richard in Thunderbirds zone.
19:49 of 1st period - Minor Penalty to Dylan Blujus for Goalie Interference.
19:50 of 1st period - Trent Frederic wins face-off versus Morgan Frost in Thunderbirds zone.
19:58 of 1st period - Slapshot by Jeremy Lauzon.
19:58 of 1st period - Stopped by Eamon McAdam with a rebound.
Goals for this period are 1 for Thunderbirds vs 3 for Gulls.
Shots for this period are 6 for Thunderbirds vs 17 for Gulls.
2nd period
0:01 of 2nd period - Morgan Frost wins face-off versus Trent Frederic in neutral zone.
0:06 of 2nd period - Slapshot by Anton Blidh.
0:06 of 2nd period - Shot Misses the Net.
0:08 of 2nd period - Snap shot by Morgan Frost.
0:08 of 2nd period - Shot Misses the Net.
1:18 of 2nd period - Jakub Vrana is hit by Jeremy Lauzon and loses puck.
1:49 of 2nd period - Penalty to Dylan Blujus is over, Dylan Blujus is back on ice.
2:06 of 2nd period - Jack Glover is hit by Dylan Blujus and loses puck.
2:11 of 2nd period - Wrist shot by Dylan Blujus.
2:11 of 2nd period - Stopped by Eamon McAdam without a rebound.
2:12 of 2nd period - Anthony Richard wins face-off versus Barrett Hayton in Gulls zone.
2:17 of 2nd period - Snap shot by Anthony Richard.
2:17 of 2nd period - Stopped by Eamon McAdam with a rebound.
2:19 of 2nd period - Slapshot by Sami Niku.
2:19 of 2nd period - Shot Misses the Net.
2:21 of 2nd period - Snap shot by Frederic Allard.
2:21 of 2nd period - Deflect By Troy Terry.
2:21 of 2nd period - Stopped by Eamon McAdam with a rebound.
2:37 of 2nd period - Snap shot by Joachim Blichfeld.
2:37 of 2nd period - Deflect By Andrei Mironov.
2:37 of 2nd period - Goal by Joachim Blichfeld - Thunderbirds : 2 - Gulls : 3.
2:38 of 2nd period - Logan Brown wins face-off versus Rourke Chartier in neutral zone.
2:43 of 2nd period - Snap shot by Anton Blidh.
2:43 of 2nd period - Shot Blocked by Dylan Blujus.
3:07 of 2nd period - Wrist shot by Morgan Frost.
3:07 of 2nd period - Deflect By Jakub Vrana.
3:07 of 2nd period - Shot Blocked by Michael Rasmussen.
3:07 of 2nd period - Puck is out of play.
3:08 of 2nd period - Morgan Frost wins face-off versus Anthony Richard in Thunderbirds zone.
3:10 of 2nd period - Icing by Frederic Allard.
3:11 of 2nd period - Anthony Richard wins face-off versus Logan Brown in Thunderbirds zone.
3:34 of 2nd period - Morgan Frost is hit by Anthony Richard and loses puck.
4:07 of 2nd period - Wrist shot by Sergey Tolchinsky.
4:07 of 2nd period - Stopped by Emil Larmi without a rebound.
4:08 of 2nd period - Logan Brown wins face-off versus Rourke Chartier in Thunderbirds zone.
4:09 of 2nd period - Wrist shot by Anton Blidh.
4:09 of 2nd period - Stopped by Emil Larmi without a rebound.
4:10 of 2nd period - Logan Brown wins face-off versus Rourke Chartier in Thunderbirds zone.
5:06 of 2nd period - Snap shot by Luke Kunin.
5:06 of 2nd period - Stopped by Emil Larmi with a rebound.
5:15 of 2nd period - Icing by Dylan Blujus.
5:16 of 2nd period - Logan Brown wins face-off versus Rourke Chartier in Thunderbirds zone.
5:23 of 2nd period - Slapshot by Matt Roy.
5:23 of 2nd period - Shot Misses the Net.
5:31 of 2nd period - Dylan Blujus is hit by Anton Blidh and loses puck.
5:50 of 2nd period - Backhand shot by Artturi Lehkonen.
5:50 of 2nd period - Shot Misses the Net.
5:52 of 2nd period - Slapshot by Matt Roy.
5:52 of 2nd period - Shot Misses the Net.
5:54 of 2nd period - Wrist shot by Trent Frederic.
5:54 of 2nd period - Shot Misses the Net.
7:27 of 2nd period - Wrist shot by Jakub Vrana.
7:27 of 2nd period - Stopped by Emil Larmi with a rebound.
9:00 of 2nd period - Slapshot by Morgan Frost.
9:00 of 2nd period - Stopped by Emil Larmi with a rebound.
9:12 of 2nd period - Sergey Tolchinsky is hit by Anthony Richard and loses puck.
9:19 of 2nd period - Snap shot by Anthony Richard.
9:19 of 2nd period - Stopped by Eamon McAdam with a rebound.
9:28 of 2nd period - Off-side.
9:29 of 2nd period - Barrett Hayton wins face-off versus Rasmus Kupari in neutral zone.
9:38 of 2nd period - Barrett Hayton is hit by Matt Roy and loses puck.
9:45 of 2nd period - Trey Fix-Wolansky is hit by Barrett Hayton and loses puck.
9:56 of 2nd period - Kailer Yamamoto is hit by Matt Roy and loses puck.
10:23 of 2nd period - Wrist shot by Anthony Richard.
10:23 of 2nd period - Stopped by Eamon McAdam with a rebound.
10:29 of 2nd period - Snap shot by Anthony Richard.
10:29 of 2nd period - Shot Misses the Net.
11:41 of 2nd period - Paul Cotter is hit by Kailer Yamamoto and loses puck.
11:50 of 2nd period - Snap shot by Kailer Yamamoto.
11:50 of 2nd period - Stopped by Emil Larmi without a rebound.
11:51 of 2nd period - Morgan Frost wins face-off versus Rourke Chartier in Thunderbirds zone.
12:41 of 2nd period - Trent Frederic is hit by Scott Wilson and loses puck.
12:46 of 2nd period - Wrist shot by Scott Wilson.
12:46 of 2nd period - Shot Blocked by Trent Frederic.
12:48 of 2nd period - Slapshot by Dean Kukan.
12:48 of 2nd period - Stopped by Emil Larmi with a rebound.
13:06 of 2nd period - Slapshot by Rourke Chartier.
13:06 of 2nd period - Deflect By Joachim Blichfeld.
13:06 of 2nd period - Shot Misses the Net.
13:06 of 2nd period - Puck is out of play.
13:07 of 2nd period - Morgan Frost wins face-off versus Rourke Chartier in Gulls zone.
13:07 of 2nd period - Morgan Frost is hit by Rourke Chartier.
13:17 of 2nd period - Slapshot by Connor Clifton.
13:17 of 2nd period - Stopped by Emil Larmi without a rebound.
13:18 of 2nd period - Rourke Chartier wins face-off versus Logan Brown in Thunderbirds zone.
13:50 of 2nd period - Wrist shot by Anthony Richard.
13:50 of 2nd period - Stopped by Eamon McAdam with a rebound.
15:22 of 2nd period - Sami Niku is hit by Morgan Frost and loses puck.
15:35 of 2nd period - Wrist shot by Emil Bemstrom.
15:35 of 2nd period - Shot Hit the Post.
17:09 of 2nd period - Anthony Richard is hit by Troy Terry and loses puck.
17:50 of 2nd period - Slapshot by Rourke Chartier.
17:50 of 2nd period - Shot Misses the Net.
18:05 of 2nd period - Off-side.
18:06 of 2nd period - Morgan Frost wins face-off versus Trent Frederic in neutral zone.
18:08 of 2nd period - Off-side.
18:09 of 2nd period - Logan Brown wins face-off versus Trent Frederic in neutral zone.
18:40 of 2nd period - Wrist shot by Joachim Blichfeld.
18:40 of 2nd period - Deflect By Rourke Chartier.
18:40 of 2nd period - Stopped by Eamon McAdam without a rebound.
18:41 of 2nd period - Morgan Frost wins face-off versus Rourke Chartier in Gulls zone.
19:06 of 2nd period - Joachim Blichfeld is hit by Connor Clifton.
19:10 of 2nd period - Wrist shot by Joachim Blichfeld.
19:10 of 2nd period - Shot Misses the Net.
19:16 of 2nd period - Snap shot by Rourke Chartier.
19:16 of 2nd period - Shot Blocked by Connor Clifton.
19:18 of 2nd period - Wrist shot by Jeremy Lauzon.
19:18 of 2nd period - Stopped by Eamon McAdam with a rebound.
19:20 of 2nd period - Slapshot by Joachim Blichfeld.
19:20 of 2nd period - Shot Blocked by Connor Clifton.
19:24 of 2nd period - Snap shot by Pierre Engvall.
19:24 of 2nd period - Stopped by Eamon McAdam without a rebound.
19:25 of 2nd period - Logan Brown wins face-off versus Anthony Richard in Gulls zone.
19:40 of 2nd period - Slapshot by Anton Blidh.
19:40 of 2nd period - Shot Blocked by Dylan Blujus.
19:49 of 2nd period - Minor Penalty to Sergey Tolchinsky for Hooking.
19:50 of 2nd period - Joachim Blichfeld wins face-off versus Luke Kunin in Gulls zone.
Goals for this period are 1 for Thunderbirds vs 0 for Gulls.
Shots for this period are 10 for Thunderbirds vs 8 for Gulls.
3rd period
0:01 of 3rd period - Luke Kunin wins face-off versus Rourke Chartier in neutral zone.
1:49 of 3rd period - Penalty to Sergey Tolchinsky is over, Sergey Tolchinsky is back on ice.
2:05 of 3rd period - Snap shot by Paul Cotter.
2:05 of 3rd period - Stopped by Eamon McAdam without a rebound.
2:06 of 3rd period - Morgan Frost wins face-off versus Rasmus Kupari in Gulls zone.
2:17 of 3rd period - Slapshot by Trey Fix-Wolansky.
2:17 of 3rd period - Stopped by Eamon McAdam with a rebound.
2:39 of 3rd period - Slapshot by Emil Bemstrom.
2:39 of 3rd period - Deflect By Artturi Lehkonen.
2:39 of 3rd period - Shot Misses the Net.
2:39 of 3rd period - Puck is out of play.
2:40 of 3rd period - Rourke Chartier wins face-off versus Logan Brown in Gulls zone.
3:15 of 3rd period - Snap shot by Dylan Sikura.
3:15 of 3rd period - Deflect By Anthony Richard.
3:15 of 3rd period - Shot Misses the Net.
3:15 of 3rd period - Puck is out of play.
3:16 of 3rd period - Troy Terry wins face-off versus Anthony Richard in Gulls zone.
3:27 of 3rd period - Slapshot by Dylan Sikura.
3:27 of 3rd period - Shot Misses the Net.
4:05 of 3rd period - Anton Blidh is hit by Frederic Allard and loses puck.
4:16 of 3rd period - Matt Roy is hit by Andrei Mironov and loses puck.
4:31 of 3rd period - Scott Wilson is hit by Michael Rasmussen and loses puck.
4:52 of 3rd period - Slapshot by Jeremy Lauzon.
4:52 of 3rd period - Deflect By Paul Cotter.
4:52 of 3rd period - Stopped by Eamon McAdam with a rebound.
5:50 of 3rd period - Dylan Sikura is hit by Scott Wilson and loses puck.
5:57 of 3rd period - Michael Rasmussen is hit by Luke Kunin and loses puck.
6:17 of 3rd period - Snap shot by Mikhail Maltsev.
6:17 of 3rd period - Shot Misses the Net.
6:19 of 3rd period - Slapshot by Dylan DeMelo.
6:19 of 3rd period - Shot Blocked by Matt Roy.
6:21 of 3rd period - Snap shot by Troy Terry.
6:21 of 3rd period - Shot Misses the Net.
6:31 of 3rd period - Wrist shot by Rourke Chartier.
6:31 of 3rd period - Stopped by Eamon McAdam with a rebound.
6:55 of 3rd period - Slapshot by Anton Blidh.
6:55 of 3rd period - Deflect By Logan Brown.
6:55 of 3rd period - Stopped by Emil Larmi with a rebound.
7:17 of 3rd period - Slapshot by Sami Niku.
7:17 of 3rd period - Shot Misses the Net.
7:19 of 3rd period - Snap shot by Trey Fix-Wolansky.
7:19 of 3rd period - Deflect By Paul Cotter.
7:19 of 3rd period - Stopped by Eamon McAdam with a rebound.
7:39 of 3rd period - Snap shot by Troy Terry.
7:39 of 3rd period - Shot Misses the Net.
7:58 of 3rd period - Rourke Chartier is hit by Morgan Frost and loses puck.
8:13 of 3rd period - Dylan Blujus is hit by Kailer Yamamoto and loses puck.
8:18 of 3rd period - Wrist shot by Anton Blidh.
8:18 of 3rd period - Stopped by Emil Larmi without a rebound.
8:19 of 3rd period - Logan Brown wins face-off versus Joachim Blichfeld in Thunderbirds zone.
8:52 of 3rd period - Wrist shot by Emil Bemstrom.
8:52 of 3rd period - Shot Blocked by Logan Brown.
8:54 of 3rd period - Snap shot by Trent Frederic.
8:54 of 3rd period - Shot Misses the Net.
8:56 of 3rd period - Slapshot by Trent Frederic.
8:56 of 3rd period - Stopped by Eamon McAdam without a rebound.
8:57 of 3rd period - Trent Frederic wins face-off versus Morgan Frost in Gulls zone.
9:31 of 3rd period - Snap shot by Joachim Blichfeld.
9:31 of 3rd period - Stopped by Eamon McAdam with a rebound.
9:33 of 3rd period - Wrist shot by Pierre Engvall.
9:33 of 3rd period - Deflect By Joachim Blichfeld.
9:33 of 3rd period - Shot Misses the Net.
9:33 of 3rd period - Puck is out of play.
9:34 of 3rd period - Rourke Chartier wins face-off versus Logan Brown in Gulls zone.
9:35 of 3rd period - Wrist shot by Joachim Blichfeld.
9:35 of 3rd period - Shot Blocked by Dylan DeMelo.
10:27 of 3rd period - Dylan Blujus is hit by Troy Terry and loses puck.
10:45 of 3rd period - Off-side.
10:46 of 3rd period - Luke Kunin wins face-off versus Rourke Chartier in neutral zone.
10:57 of 3rd period - Snap shot by Scott Wilson.
10:57 of 3rd period - Shot Blocked by Frederic Allard.
11:23 of 3rd period - Wrist shot by Joachim Blichfeld.
11:23 of 3rd period - Shot Misses the Net.
11:25 of 3rd period - Wrist shot by Joachim Blichfeld.
11:25 of 3rd period - Shot Misses the Net.
11:27 of 3rd period - Wrist shot by Rourke Chartier.
11:27 of 3rd period - Shot Blocked by Morgan Frost.
11:29 of 3rd period - Wrist shot by Rourke Chartier.
11:29 of 3rd period - Stopped by Eamon McAdam with a rebound.
11:59 of 3rd period - Slapshot by Sami Niku.
11:59 of 3rd period - Shot Blocked by Andrei Mironov.
12:25 of 3rd period - Slapshot by Joachim Blichfeld.
12:25 of 3rd period - Stopped by Eamon McAdam without a rebound.
12:26 of 3rd period - Anthony Richard wins face-off versus Logan Brown in Gulls zone.
12:51 of 3rd period - Anthony Richard is hit by Pavel Dorofeyev.
13:03 of 3rd period - Wrist shot by Dylan Sikura.
13:03 of 3rd period - Goal by Dylan Sikura - Thunderbirds : 3 - Gulls : 3.
13:04 of 3rd period - Logan Brown wins face-off versus Trent Frederic in neutral zone.
14:12 of 3rd period - Slapshot by Logan Brown.
14:12 of 3rd period - Shot Misses the Net.
14:14 of 3rd period - Slapshot by Jack Glover.
14:14 of 3rd period - Goal by Jack Glover - Thunderbirds : 3 - Gulls : 4.
14:15 of 3rd period - Rourke Chartier wins face-off versus Barrett Hayton in neutral zone.
14:20 of 3rd period - Snap shot by Joachim Blichfeld.
14:20 of 3rd period - Stopped by Eamon McAdam with a rebound.
14:22 of 3rd period - Wrist shot by Joachim Blichfeld.
14:22 of 3rd period - Stopped by Eamon McAdam with a rebound.
14:24 of 3rd period - Wrist shot by Joachim Blichfeld.
14:24 of 3rd period - Shot Hit the Post.
14:26 of 3rd period - Wrist shot by Rourke Chartier.
14:26 of 3rd period - Shot Blocked by Barrett Hayton.
14:27 of 3rd period - Minor Penalty to Dylan Blujus for Tripping.
14:28 of 3rd period - Morgan Frost wins face-off versus Trent Frederic in Thunderbirds zone.
14:29 of 3rd period - Wrist shot by Kailer Yamamoto.
14:29 of 3rd period - Stopped by Emil Larmi without a rebound.
14:30 of 3rd period - Morgan Frost wins face-off versus Trent Frederic in Thunderbirds zone.
14:35 of 3rd period - Snap shot by Kailer Yamamoto.
14:35 of 3rd period - Shot Blocked by Henri Jokiharju.
14:45 of 3rd period - Slapshot by Connor Clifton.
14:45 of 3rd period - Deflect By Trent Frederic.
14:45 of 3rd period - Stopped by Emil Larmi without a rebound.
14:46 of 3rd period - Morgan Frost wins face-off versus Trent Frederic in Thunderbirds zone.
14:47 of 3rd period - Wrist shot by Kailer Yamamoto.
14:47 of 3rd period - Deflect By Anton Blidh.
14:47 of 3rd period - Shot Misses the Net.
14:47 of 3rd period - Puck is out of play.
14:48 of 3rd period - Trent Frederic wins face-off versus Morgan Frost in Thunderbirds zone.
15:13 of 3rd period - Snap shot by Pierre Engvall.
15:13 of 3rd period - Shot Blocked by Andrei Mironov.
15:21 of 3rd period - Snap shot by Logan Brown.
15:21 of 3rd period - Stopped by Emil Larmi with a rebound.
15:23 of 3rd period - Snap shot by Jakub Vrana.
15:23 of 3rd period - Shot Blocked by Trent Frederic.
15:25 of 3rd period - Slapshot by Andrei Mironov.
15:25 of 3rd period - Shot Misses the Net.
15:42 of 3rd period - Frederic Allard is hit by Tarmo Reunanen and loses puck.
16:27 of 3rd period - Penalty to Dylan Blujus is over, Dylan Blujus is back on ice.
16:39 of 3rd period - Wrist shot by Dylan Sikura.
16:39 of 3rd period - Stopped by Eamon McAdam with a rebound.
18:21 of 3rd period - Slapshot by Logan Brown.
18:21 of 3rd period - Shot Blocked by Artturi Lehkonen.
18:27 of 3rd period - Dean Kukan is hit by Matt Roy and loses puck.
18:47 of 3rd period - Icing by Andrei Mironov.
18:48 of 3rd period - Rasmus Kupari wins face-off versus Morgan Frost in Gulls zone.
18:49 of 3rd period - Thunderbirds, Emil Larmi is pulled from the net.
18:49 of 3rd period - Wrist shot by Trey Fix-Wolansky.
18:49 of 3rd period - Shot Blocked by Dean Kukan.
18:51 of 3rd period - Snap shot by Jeremy Lauzon.
18:51 of 3rd period - Shot Misses the Net.
18:53 of 3rd period - Backhand shot by Pierre Engvall.
18:53 of 3rd period - Goal by Pierre Engvall - Thunderbirds : 4 - Gulls : 4.
18:53 of 3rd period - Emil Larmi from Thunderbirds was sent back in the game.
18:54 of 3rd period - Trent Frederic wins face-off versus Barrett Hayton in neutral zone.
19:06 of 3rd period - Minor Penalty to Barrett Hayton for Cross-checking.
19:07 of 3rd period - Rourke Chartier wins face-off versus Luke Kunin in Gulls zone.
19:11 of 3rd period - Snap shot by Joachim Blichfeld.
19:11 of 3rd period - Shot Misses the Net.
19:13 of 3rd period - Slapshot by Sami Niku.
19:13 of 3rd period - Shot Misses the Net.
19:15 of 3rd period - Wrist shot by Jeremy Lauzon.
19:15 of 3rd period - Stopped by Eamon McAdam with a rebound.
19:17 of 3rd period - Slapshot by Michael Rasmussen.
19:17 of 3rd period - Shot Misses the Net.
19:19 of 3rd period - Slapshot by Rourke Chartier.
19:19 of 3rd period - Goal by Rourke Chartier - Thunderbirds : 5 - Gulls : 4.
19:20 of 3rd period - Logan Brown wins face-off versus Trent Frederic in neutral zone.
19:30 of 3rd period - Wrist shot by Artturi Lehkonen.
19:30 of 3rd period - Shot Blocked by Dean Kukan.
19:36 of 3rd period - Snap shot by Artturi Lehkonen.
19:36 of 3rd period - Shot Misses the Net.
19:40 of 3rd period - Snap shot by Artturi Lehkonen.
19:40 of 3rd period - Stopped by Eamon McAdam without a rebound.
19:41 of 3rd period - Jean-Sebastien Giguere call a timeout for Gulls.
19:41 of 3rd period - Anton Blidh wins face-off versus Trent Frederic in Gulls zone.
19:49 of 3rd period - Off-side.
19:50 of 3rd period - Logan Brown wins face-off versus Trent Frederic in neutral zone.
19:53 of 3rd period - Gulls, Eamon McAdam is pulled from the net.
Goals for this period are 3 for Thunderbirds vs 1 for Gulls.
Shots for this period are 17 for Thunderbirds vs 6 for Gulls.